 Dungeon Crawl Stone Soup version 0.21-a0-630-g344d351 (webtiles) character file.

337 Megalobster the Ruffian (level 6, -9/61 HPs)
             Began as a Troll Monk on Dec 25, 2017.
             Mangled by an ogre
             ... wielding a +0 giant club
              (21 damage)
             ... on level 3 of the Dungeon.
             The game lasted 00:03:55 (2313 turns).

Megalobster the Ruffian (Troll Monk)                Turns: 2313, Time: 00:03:56

Health: -9/61      AC:  5    Str: 19 (22) XL:     6   Next: 28%
Magic:  5/5        EV: 11    Int:  3 (6)  God:
Gold:   128        SH:  0    Dex:  9 (12) Spells: 5/5 levels left

rFire    + . .     SeeInvis .     - Unarmed
rCold    + . .     Gourm    +   (no shield)
rNeg     + . .     Faith    .   a - +0 robe
rPois    +         Spirit   .   (helmet restricted)
rElec    +         Reflect  .   (no cloak)
rCorr    +         Harm     .   (gloves unavailable)
MR       .....                  (boots unavailable)
Stlth    +.........             (no amulet)
HPRegen  0.60/turn              g - ring of positive energy
MPRegen  0.09/turn              (no ring)

@: resistant
A: large, unfitting armour, claws 3, fast metabolism 3, gourmand, regeneration
1, shaggy fur 1, tough skin 2
a: no special abilities


You were on level 3 of the Dungeon.
You were very full.

You visited 1 branch of the dungeon, and saw 4 of its levels.

You collected 128 gold pieces.

Inventory:

Missiles
 c - 130 stones (quivered)
Armour
 a - a +0 robe (worn)
Jewellery
 g - a ring of positive energy (left claw)
 l - a cursed ring of teleportation {unknown}
Wands
 s - a wand of disintegration (11)
Scrolls
 e - 3 scrolls of identify {unknown}
 f - a scroll of magic mapping {unknown}
 i - a scroll of immolation {unknown}
 k - 2 scrolls of fear {unknown}
 n - a scroll of noise {unknown}
 o - 5 scrolls of remove curse {unknown}
 q - a scroll of blinking {unknown}
 u - a scroll of enchant weapon {unknown}
Potions
 h - a potion of resistance
 j - a potion of magic {unknown}
 m - 2 potions of curing {unknown}
 p - 2 potions of lignification {unknown}
 r - a potion of heal wounds {unknown}
 v - a potion of haste {unknown}
Comestibles
 b - 7 rations
 t - 5 chunks of flesh


   Skills:
 + Level 3.5 Fighting
 + Level 3.5 Dodging
 - Level 1.0 Stealth
 * Level 5.4 Unarmed Combat


You had 5 spell levels left.
You didn't know any spells.

Dungeon Overview and Level Annotations

Branches:
Dungeon (4/15)
 Temple: D:4-7

Altars:
Uskayaw
Vehumet


Innate Abilities, Weirdness & Mutations

You are too large for most types of armour.
You have claws for hands.
Your metabolism is lightning-fast.
You like to eat raw meat.
Your natural rate of healing is unusually fast.
You are covered in fur. (AC +1)
You have very tough skin. (AC +2)


Message History

The gnoll closely misses you.
A leopard gecko comes into view.
There is an open door here.
The leopard gecko hisses angrily.
You see here a scroll labeled GUNGEW XAQAR.
The leopard gecko bites you but does no damage.
There is an escape hatch in the ceiling here.
The leopard gecko bites you but does no damage.
The gnoll hits you from afar with a spear!
* * * LOW HITPOINT WARNING * * *
The ogre barely misses you. A mysterious force pulls you upwards.
The hatch slams shut behind you.
It was a potion of degeneration.
There was something very wrong with that liquid.
You feel weakened.
You feel dopey.
You feel clumsy. The leopard gecko barely misses you. x2
It was a potion of resistance.
You feel protected. The ogre hits you with a giant club!!
You die...

......## ###..# ...#.## #....#
...#.## #.#.## ####
...#..#######.#.# #######..##
#####.##........######.........#
#...........##.....#######.##
###.........#..##### #.##
###..........l## #.#.
#####....).#..#O@..# #.#.
##....##.#.##.##...#### #.#.
...#####)#.##..###....# #...
.### #...###.# #.##.########...
.# ##.### #.# #.##............
## #..#####.###.##<...##.##... #
#.....##........##.#..###.# ####
#.###.######.####..........
...####.# #.# #.##..........#.


You could see an ogre and a leopard gecko.

Vanquished Creatures
  Sigmund (D:2)
  A crimson imp (D:4)
  A hound skeleton (D:4)
  4 gnolls
  3 adders
  An ooze (D:3)
  A worm (D:2)
  A dart slug (D:1)
  2 leopard geckos
  4 orcs
  A ball python (D:4)
  4 giant cockroaches
  4 goblins
  2 hobgoblins
  3 jackals (D:2)
  5 kobolds
  3 bats
  5 frilled lizards
  10 rats
56 creatures vanquished.

Notes
Turn   | Place    | Note
-------+----------+-------------------------------------------
     0 | D:1      | Megalobster the Troll Monk began the quest for the Orb.
     0 | D:1      | Reached XP level 1. HP: 22/22 MP: 0/0
   199 | D:1      | Reached XP level 2. HP: 14/29 MP: 1/1
   877 | D:2      | Reached XP level 3. HP: 36/36 MP: 2/2
   913 | D:2      | Noticed Sigmund
   935 | D:2      | Killed Sigmund
   935 | D:2      | Reached skill level 4 in Unarmed Combat
   935 | D:2      | Reached XP level 4. HP: 7/45 MP: 3/3
   935 | D:2      | Reached XP level 5. HP: 8/53 MP: 4/4
  1160 | D:2      | Reached skill level 5 in Unarmed Combat
  1944 | D:3      | Found a hide-covered altar of Uskayaw.
  2085 | D:3      | Found a radiant altar of Vehumet.
  2139 | D:4      | Reached XP level 6. HP: 58/61 MP: 5/5
  2313 | D:3      | Mangled by an ogre

Vault maps used:
D:1:      scummos_arrival_checkerplants
D:2:      first_ration, uniq_sigmund
D:3:      nicolae_overflow_crystal_walls, overflow_temple_1_default,
          hangedman_decor_riveting
D:4:      st_stairs_1, minmay_hedge_maze

Skill      XL: |  1  2  3  4  5 |
---------------+----------------+-----
Fighting       | 3 |  3.5
Dodging        | 3 |  3.5
Unarmed Combat | 4 5 |  5.4
Stealth        | |  1.0

Action                   |  1- 3 |  4- 6 || total
-------------------------+-------+-------++-------
Melee: Unarmed           |    50 |    86 ||   136
       Punch             |     2 |     2 ||     4
  Use: Potion            |       |     2 ||     2
 Stab: Sleeping          |     2 |       ||     2
       Distracted        |     1 |       ||     1
  Eat: Chunk             |     8 |    18 ||    26
Armor: Robe              |    15 |    31 ||    46
Dodge: Dodged            |    14 |    45 ||    59

Table legend:
 A = Spawn XP
 B = Non-spawn XP
 C = Spawn XP percentage of total XP
 D = Spawn monster count
 E = Non-spawn monster count
 F = Spawn count percentage of total count
 G = Total turns spent on level
                    A         B        C        D         E        F      G
               +---------+---------+-------+---------+---------+-------+---------
         Total |       0 |     482 |   0.0 |       0 |      56 |   0.0 |  2313
               +---------+---------+-------+---------+---------+-------+---------
           D:1 |       0 |      39 |   0.0 |       0 |      18 |   0.0 |   815
           D:2 |       0 |     284 |   0.0 |       0 |      18 |   0.0 |   856
           D:3 |       0 |      23 |   0.0 |       0 |       8 |   0.0 |   433
           D:4 |       0 |     136 |   0.0 |       0 |      12 |   0.0 |   209
               +---------+---------+-------+---------+---------+-------+---------
